 Dungeon Crawl Stone Soup version 0.30.0-21-gd299b56b3f (webtiles) character file.

Game seed: 2296208363474686993

37 qw the Chopper (level 3, -1/23 HPs)
             Began as a Gargoyle Fighter on June 2, 2023.
             Slain by a gnoll
             ... wielding a +3 spear of venom
              (6 damage)
             ... on level 2 of the Dungeon.
             The game lasted 00:00:25 (865 turns).

qw the Chopper (Gargoyle Fighter)                    Turns: 865, Time: 00:00:25

Health: -1/23      AC: 14    Str: 21    XL:     3   Next: 39%
Magic:  3/3        EV:  9    Int:  8    God:
Gold:   81         SH:  4    Dex:  9    Spells: 2/2 levels left

rFire   . . .        Y - +0 war axe
rCold   . . .        c - +0 buckler
rNeg    + . .        b - +0 scale mail
rPois   inf          (no helmet)
rElec   +            (no cloak)
rCorr   .            (no gloves)
SInv    .            (no boots)
Will    .....        (no amulet) Stlth
                     g - +4 ring of protection
HPRegen 0.23/turn    (no ring)
MPRegen 0.08/turn

%: no passive effects
@: no status effects
A: sickness immunity, AC +3, negative energy resistance 1, electricity
resistance, torment resistance 1, petrification resistance
a: no special abilities


You were on level 2 of the Dungeon.
You visited 1 branch of the dungeon, and saw 2 of its levels.

You collected 81 gold pieces.


Innate Abilities, Weirdness & Mutations

You are immune to sickness and miasma.
Your stone body is resilient. (AC +3)
You are immune to poison.
You resist negative energy. (rN+)
You are resistant to electric shocks. (rElec)
You are resistant to unholy torment.
You are immune to petrification.


   Skills:
 - Level 3.2 Fighting
 + Level 3.3 Axes
 - Level 3.2 Armour
 - Level 3.2 Shields


You had 2 spell levels left.
You didn't know any spells.
Your spell library was empty.

Inventory:

Hand Weapons
 i - a +0 mace
 Y - a +0 war axe (weapon)
Armour
 b - a +0 scale mail (worn)
 c - a +0 buckler (worn)
 e - a +2 leather armour of cold resistance
Jewellery
 g - a +4 ring of protection (left hand)
Potions
 d - a potion of might
 h - a potion of brilliance {unknown}

Dungeon Overview and Level Annotations

Branches:
Dungeon (2/15)

Altars:

Shops:
D:1 (


Message History

There is a stone staircase leading down here.
You climb downwards.
Found a stone staircase leading down.
There is a stone staircase leading up here.
Waypoint 1 assigned to D:2.
Found 2 poisoned darts.
You now have 81 gold pieces (gained 15).
A gnoll comes into view. It is wielding a +0 flail.
The gnoll shouts!
A gnoll comes into view. It is wielding a +0 halberd.
A gnoll comes into view. It is wielding a +3 spear of venom.
You closely miss the gnoll.
The gnoll shouts!
The gnoll closely misses you.
You closely miss the gnoll. The gnoll hits you but does no damage.
You barely miss the gnoll.
A gnoll comes into view. It is wielding a +0 spear.
You block the gnoll's attack. The gnoll hits you but does no damage.
The gnoll moves out of view.
You barely miss the gnoll. The gnoll hits you with a +0 flail!
You closely miss the gnoll. The gnoll hits you but does no damage.
You block the gnoll's attack.
You hit the gnoll.
The gnoll is heavily wounded.
The gnoll hits you but does no damage. The gnoll barely misses you.
The gnoll hits you but does no damage. The gnoll closely misses you.
You slash the gnoll!
You kill the gnoll!
You block the gnoll's attack.
863 ||| Stepping ~*~*~tactically~*~*~ (stealth).
The gnoll shouts!
The gnoll hits you but does no damage.
The gnoll hits you from afar with a +3 spear of venom.
You hit the gnoll but do no damage. The gnoll hits you with a +0 halberd!
You block the gnoll's attack. The gnoll misses you.
The gnoll hits you from afar with a +3 spear of venom.
You die...

.. #. #. #. #g #g
#g#######
#.@.....#
#.#####.# #.
#.####### ..
#.#.....# ...
#.#.....#
##..#####....(..#
##.......#.....#
#.#######.....#
###.###


You could see 3 gnolls.

Vanquished Creatures
  A gnoll (D:2)
  A dart slug (D:1)
  3 endoplasms (D:1)
  A giant cockroach (D:1)
  4 goblins (D:1)
  2 hobgoblins (D:1)
  A quokka (D:1)
  4 ball pythons (D:1)
  2 bats (D:1)
  2 kobolds (D:1)
  2 rats (D:1)
23 creatures vanquished.

Notes
Turn   | Place    | Note
-------+----------+-------------------------------------------
     0 | D:1      | qw the Gargoyle Fighter began the quest for the Orb.
     0 | D:1      | Reached XP level 1. HP: 14/14 MP: 1/1
     0 | D:1      | 0 ||| qw: Version: 0.2-a-102-gdf20003
     0 | D:1      | 0 ||| qw: Game counter: 822
     0 | D:1      | 0 ||| qw: Always use a shield: true
     0 | D:1      | 0 ||| qw: God list: Okawaru
     0 | D:1      | 0 ||| qw: Allow faded altars: false
     0 | D:1      | 0 ||| qw: Do Orc after D:15 true
     0 | D:1      | 0 ||| qw: Do second Lair branch before Depths: true
     0 | D:1      | 0 ||| qw: Lair rune preference: random
     0 | D:1      | 0 ||| qw: Plans: Normal, Zot:1-4, Slime:5, God:TSO, Crypt,
                  | Tomb, Pan, Hells, Abyss, Win
     0 | D:1      | 0 ||| PLANNING D:1-11
   150 | D:1      | Reached XP level 2. HP: 19/19 MP: 2/2
   389 | D:1      | 389 ||| Stepping ~*~*~tactically~*~*~ (stealth).
   390 | D:1      | 390 ||| Stepping ~*~*~tactically~*~*~ (stealth).
   409 | D:1      | 409 ||| DROPPING +0 club.
   524 | D:1      | 524 ||| Stepping ~*~*~tactically~*~*~ (stealth).
   531 | D:1      | 531 ||| Stepping ~*~*~tactically~*~*~ (hiding).
   539 | D:1      | Reached skill level 3 in Axes
   656 | D:1      | Reached XP level 3. HP: 23/23 MP: 3/3
   720 | D:1      | Found Oschas's Antique Weapon Shoppe.
   802 | D:1      | 802 ||| UPGRADING to +4 ring of protection.
   803 | D:1      | 803 ||| READING scroll labelled ITIARU GAEBAUTT.
   804 | D:1      | 804 ||| READING scroll labelled BAPAME CEFA.
   863 | D:2      | 863 ||| Stepping ~*~*~tactically~*~*~ (stealth).
   865 | D:2      | HP: 5/23 [gnoll/+0 halberd (8)]
   865 | D:2      | Slain by a gnoll

Levels and vault maps discovered:
D:1:      lemuel_arrival_cross, layout_loops_ring, serial_shops, shop,
          minmay_small_reverse_x
D:2:      layout_loops_corners

Skill      XL: |  1  2 |
---------------+-------+-----
Axes           | 2 3 |  3.3
Fighting       | |  3.2
Armour         | |  3.2
Shields        | |  3.2

Action                     || total
---------------------------++-------
  Melee: War axe           ||    75
    Use: Scroll            ||     2
 Armour: Scale mail        ||    43
  Dodge: Dodged            ||    45
  Block: Buckler           ||    11

Table legend:
 A = Non-vault XP
 B = Vault XP
 C = Vault XP percentage of total XP
 D = Non-vault monster count
 E = Vault monster count
 F = Vault count percentage of total count
                 A         B        C        D         E       F
            +---------+---------+-------+---------+---------+-------
      Total |      45 |       8 |  15.1 |      19 |       4 |  17.4
            +---------+---------+-------+---------+---------+-------
        D:1 |      31 |       8 |  20.5 |      18 |       4 |  18.2
        D:2 |      14 |       0 |   0.0 |       1 |       0 |   0.0
            +---------+---------+-------+---------+---------+-------
